Unix NetHack Version 3.7.0-80 Work-in-progress - last build Apr 4 2023 12:38:21 (790859391a0ee7bd3181b412646ad1b7e633ff00,branch:master). Game began 2023-04-04 20:48:15, ended 2023-04-04 21:00:00. tromix, chaotic male human Ranger -------- |....... --------- ------------ #.......| |.......| ##########-..........| #|......| |........## |..........| ##|.......# |.......|#%#########...........| ----------- ## --------# |.......|# |..........| |..q._....| # # |.......|# |..*.......| |..q@......### # # ###-........## ---------.-- |........e| # # ########## ---------%# # |...<......##### ######## ##### 0######## # |.........|##############---------# # ##### -----------# #.........# ### ####### # |..---..| ## ---|---- |..| |..-######## ###....>..| |..---..| # |......| |.......| ###############-......| --------- -------- Tromix the Lookout St:15 Dx:9 Co:14 In:15 Wi:16 Ch:8 Chaotic Dlvl:4 $:1023 HP:0(33) Pw:19(19) AC:6 Exp:4 T:1937 Latest messages: Sirius eats an iguana corpse. What do you want to use or apply? [ekz or ?*] z A giant rat suddenly appears next to you! You miss the giant rat. The giant rat bites! Sirius bites the giant rat. You kill the giant rat! Welcome to experience level 4. Sirius eats a giant rat corpse. You swap places with Sirius. You climb up the stairs. You descend the stairs. What do you want to use or apply? [ekz or ?*] z A dwarf suddenly appears next to you! You hit the dwarf. You miss the dwarf. You hit the dwarf. The dwarf wields a dagger! The dagger welds itself to the dwarf's hand! You kill the dwarf! What do you want to use or apply? [ekz or ?*] z A jackal suddenly appears next to you! You kill the jackal! What do you want to use or apply? [ekz or ?*] z A rothe suddenly appears next to you! A rothe suddenly appears next to you! You miss the rothe. The rothe hits! The rothe bites! The rothe bites again! You hit the rothe. The rothe strikes at your displaced image and misses you! You hit the rothe. The rothe strikes at your displaced image and misses you! The rothe hits! The rothe bites! The rothe bites again! You hit the rothe. The rothe hits! The rothe bites! The rothe misses! The rothe hits! The rothe bites! The rothe bites again! You hit the rothe. The rothe hits! The rothe bites! The rothe bites again! You die... Do you want your possessions identified? [ynq] (y) q Inventory: Coins $ - 1023 gold pieces Weapons d - 37 blessed +0 arrows c - 58 +2 arrows (in quiver) b - a +1 bow (alternate weapon; not wielded) a - a +1 dagger (weapon in hand) n - 2 +0 orcish daggers Armor o - a blessed +0 orcish helm (being worn) t - an uncursed +2 cloak of displacement (being worn) Comestibles f - 5 uncursed cram rations g - an uncursed tripe ration u - an uncursed lichen corpse Scrolls r - an uncursed scroll of destroy armor i - an uncursed scroll of enchant weapon p - an uncursed scroll of identify s - a cursed scroll of remove curse Potions m - a potion of unholy water Wands k - a wand of undead turning (0:3) Tools z - a bag of tricks (0:0) e - an uncursed skeleton key Gems/Stones q - 2 uncursed jasper stones Tromix the Ranger's attributes: Background: You were a Lookout, a level 4 male human Ranger. You were chaotic, on a mission for Mars who was opposed by Mercury (lawful) and Venus (neutral). You were in the Dungeons of Doom, on level 4. You entered the dungeon 1937 turns ago. You had 92 experience points, 68 more were needed to attain level 5. Basics: You had 0 out of 33 hit points. You had all 19 energy points (spell power). Your armor class was 6. Your wallet contained 1023 zorkmids. Autopickup was off. Final Characteristics: Your strength was 15 (limit:18/100). Your dexterity was 9 (limit:18). Your constitution was 14 (limit:18). Your intelligence was 15 (limit:18). Your wisdom was 16 (limit:18). Your charisma was 8 (limit:18). Final Status: You were not hungry. You were unencumbered. You were wielding a dagger. You had basic skill with dagger. Final Attributes: You were devoutly aligned. You had automatic searching. You were displaced. You were warded. You were unlucky. You are dead. Miscellaneous: You disabled loading of bones levels. Total elapsed playing time was 11 minutes and 45 seconds. Major events: Turn 1: tromix the chaotic male human Ranger entered the dungeon 1150: entered the Gnomish Mines 1159: attained the rank of Lookout (level 3) 1937: killed by a rothe Vanquished creatures: a dwarf a homunculus a giant bat an orc zombie 2 iguanas an acid blob 3 giant rats a brown mold a yellow mold 2 gnomes a garter snake 2 gnome zombies 8 jackals a fox 3 goblins a sewer rat 7 grid bugs 2 lichens 2 kobold zombies 4 newts 45 creatures vanquished. No species were genocided or became extinct. Voluntary challenges: You read items or engraved 3 times. You never engraved Elbereth. You never genocided any monsters. You never polymorphed an object. You never changed form. You used no wishes. Achievements: You entered a shop. You entered the Gnomish Mines. You attained the rank of Lookout. The Dungeons of Doom: levels 1 to 5 Level 1: Level 2: A jewelers. Level 3: A scroll shop. Stairs down to The Gnomish Mines. Level 4: <- You were here. An altar. Final resting place for you, killed by a rothe. Level 5: The Gnomish Mines: Level 4: Game over: ---------- / \ / REST \ / IN \ / PEACE \ / \ | tromix | | 1023 Au | | killed by a | | rothe | | | | | | 2023 | *| * * * | * _________)/\\_//(\/(/\)/\//\/|_)_______ Goodbye tromix the Ranger... You died in The Dungeons of Doom on dungeon level 4 with 1499 points, and 1023 pieces of gold, after 1937 moves. You were level 4 with a maximum of 33 hit points when you died.